 Dungeon Crawl Stone Soup version 0.28.0-53-g5a82cb258f (webtiles) character file.

Game seed: 10352581753145200204

700 Elmgren the Cleaver (level 7, -6/57 HPs)
             Began as a Minotaur Berserker on July 26, 2022.
             Was an Initiate of Trog.
             Mangled by Prince Ribbit (14 damage)
             ... on level 5 of the Dungeon on July 27, 2022.
             The game lasted 00:34:43 (13136 turns).

Elmgren the Cleaver (Minotaur Berserker)           Turns: 13136, Time: 00:34:43

Health: -6/57      AC:  5    Str: 23    XL:     7   Next: 38%
Magic:  2/2        EV: 11    Int: -1    God:    Trog [......]
Gold:   95         SH:  0    Dex: 13    Spells: 6/6 levels left

rFire   . . .      SeeInvis .   p - +3 broad axe of Tetwuum {antimagic, rElec Int-5 Dex+3}
rCold   . . .      Faith    .   (no shield)
rNeg    . . .      Spirit   .   m - +0 ring mail
rPois   .          Reflect  .   (helmet restricted)
rElec   +          Harm     .   (no cloak)
rCorr   .          Rampage  .   (no gloves)
Will    .....                   (no boots)
Stlth   +.........              (no amulet)
HPRegen 0.19/turn               (no ring)
MPRegen 0.08/turn               (no ring)

@: on berserk cooldown, slowed, lost intelligence, unable to read, very slow
A: horns 2, retaliatory headbutt
a: Renounce Religion


You were on level 5 of the Dungeon.
You worshipped Trog.
Trog was noncommittal.
You visited 1 branch of the dungeon, and saw 5 of its levels.

You collected 302 gold pieces.
You spent 207 gold pieces at shops.

Inventory:

Hand Weapons
 p - the +3 broad axe of Tetwuum (weapon) {antimagic, rElec Int-5 Dex+3}
   (You bought it in a shop on level 3 of the Dungeon)

   It reduces the magical energy of the wielder, and disrupts the spells and
   magical abilities of those it strikes.
   Natural abilities and divine invocations are not affected.
   Int:       It affects your intelligence (-5).
   Dex:       It affects your dexterity (+3).
   rElec:     It insulates you from electricity.
Missiles
 c - a throwing net
 d - 14 poisoned darts (quivered)
Armour
 m - a +0 ring mail (worn)
Jewellery
 o - an amulet of the acrobat
 t - a ring of positive energy
Wands
 s - a wand of flame (9)
Scrolls
 g - a scroll of fog {unknown}
 h - a scroll of enchant weapon {unknown}
 i - a scroll of holy word {unknown}
 j - a scroll of immolation
 k - a scroll of enchant armour {unknown}
 n - 2 scrolls of fear {unknown}
 r - a scroll of magic mapping {unknown}
Potions
 a - a potion of attraction {unknown}
 b - a potion of mutation
 e - 2 potions of heal wounds
 f - 2 potions of invisibility
 l - 4 potions of flight
 q - a potion of magic {unknown}


   Skills:
 - Level 3.6 Fighting
 + Level 10.4 Axes
 - Level 2.4 Armour
 - Level 2.1 Dodging


You had 6 spell levels left.
You didn't know any spells.
Your spell library contained the following spells:

 Spells                   Type           Power      Damage    Failure   Level
 Ensorcelled Hibernation  Hex/Ice        0%         N/A       87%         2
 Passwall                 Tmut/Erth      0%         N/A       87%         2
 Swiftness                Air            0%         N/A       98%         3


Dungeon Overview and Level Annotations

Branches:
Dungeon (5/15)
 Temple: D:4-7

Altars:
Hepliaklqana
Makhleb
Xom
Yredelemnul

Shops:
D:3 !([[

Annotations:
D:5 Prince Ribbit


Innate Abilities, Weirdness & Mutations

You have a pair of horns on your head.
You reflexively headbutt those who attack you in melee.


Message History

n - 2 scrolls labelled HUNUKKOPAMP (gained 1)
You open the door.
Prince Ribbit comes into view.
Prince Ribbit gives a loud, deep croak!
Press: ? - help, v - describe, . - travel
Here: Prince Ribbit The floor.
A red film seems to cover your vision as you go berserk!
You feel yourself moving faster!
You feel mighty!
You can no longer go berserk at will.
You closely miss Prince Ribbit. Prince Ribbit barely misses you.
Prince Ribbit blinks!
There is an open door here.
You feel a strong urge to attack something.
You are no longer berserk.
You are exhausted.
You feel yourself slow down.
You slash Prince Ribbit!
Prince Ribbit's magic leaks into the air.
Prince Ribbit is moderately wounded.
Prince Ribbit barely misses you. Prince Ribbit hits you!
You closely miss Prince Ribbit. Your headbutt misses Prince Ribbit.
Prince Ribbit is moderately wounded.
Prince Ribbit hits you! Prince Ribbit hits you. Prince Ribbit misses you.
You miss Prince Ribbit. You headbutt Prince Ribbit!
Prince Ribbit is heavily wounded.
Prince Ribbit hits you!
* * * LOW HITPOINT WARNING * * *
Prince Ribbit misses you.
Prince Ribbit falters for a moment.
Prince Ribbit completely misses you.
Prince Ribbit falters for a moment.
There is an open door here.
Prince Ribbit hits you.
* * * LOW HITPOINT WARNING * * *
Prince Ribbit hits you but does no damage.
Prince Ribbit hits you!
* * * LOW HITPOINT WARNING * * *
Prince Ribbit's magic is no longer disrupted.
Prince Ribbit hits you!
You die...

#≈≈§≈≈≈≈§ ..# #≈...... ....
#§..... ... #≈§.8# #..#
#≈..# #..######≈..#
.....##.'...# ####..#
#..#.##.#§..#
.#..)..####..#@F..#≈..#
............###.##≈..8#
#.#....##..###.##≈.....
....#.##..#....#≈....§§
#..#.#...#.#.##≈≈≈≈≈§≈§
#.####..#.#...#.#.##########
.......<..........#
..####..#.#...#.###
.....#.#..##.#


You could see Prince Ribbit.

Vanquished Creatures
  Edmund (D:4)
  2 ogres (D:4)
  Blork the orc (D:4)
  A hound (D:3)
  Jessica (D:2)
  A killer bee zombie (D:3)
  9 adders
  10 gnolls
  An adder skeleton (D:2)
  A worm (D:2)
  8 dart slugs
  4 ball pythons
  11 endoplasms
  3 giant cockroaches
  2 goblins
  3 hobgoblins
  7 jackals
  3 quokkas (D:1)
  4 bats
  4 frilled lizards
  7 kobolds
  5 rats
89 creatures vanquished.

Notes
Turn   | Place    | Note
-------+----------+-------------------------------------------
     0 | D:1      | Elmgren the Minotaur Berserker began the quest for the Orb.
     0 | D:1      | Reached XP level 1. HP: 19/19 MP: 0/0
   195 | D:1      | Reached skill level 4 in Axes
   240 | D:1      | Reached XP level 2. HP: 22/26 MP: 1/1
   751 | D:1      | Reached skill level 5 in Axes
   959 | D:1      | Reached XP level 3. HP: 20/31 MP: 2/2
  1730 | D:2      | Reached ** piety under Trog
  1854 | D:2      | Reached skill level 6 in Axes
  1854 | D:2      | Reached XP level 4. HP: 35/39 MP: 3/3
  2114 | D:2      | Noticed Jessica
  2123 | D:2      | Killed Jessica
  2265 | D:2      | Found a faded altar of an unknown god.
  2275 | D:2      | Reached XP level 5. HP: 45/45 MP: 4/4
  2311 | D:2      | Reached skill level 7 in Axes
  2736 | D:3      | Found a hazy altar of Hepliaklqana.
  2745 | D:3      | Found a burning altar of Makhleb.
  2765 | D:3      | Found a basalt altar of Yredelemnul.
  2768 | D:3      | Found a shimmering altar of Xom.
  2859 | D:3      | HP: 2/67 [gnoll/+0 spear (9)]
  3380 | D:3      | Found Lifeoxang's Distillery.
  3516 | D:3      | Found Hayn's Antique Weapon Emporium.
  3600 | D:3      | Found Waussoat's Armour Shoppe.
  3654 | D:3      | Found Diril's Armour Shop.
  3698 | D:3      | Reached skill level 8 in Axes
  3851 | D:3      | Bought a warped broad axe for 207 gold pieces
  3851 | D:3      | Identified the +3 broad axe of Tetwuum {antimagic, rElec
                  | Int-5 Dex+3} (You bought it in a shop on level 3 of the
                  | Dungeon)
  3851 | D:3      | Lost intelligence.
  3909 | D:3      | Reached XP level 6. HP: 51/51 MP: 1/5
  9604 | D:4      | Noticed Edmund
  9779 | D:4      | Noticed Blork the orc
  9789 | D:4      | Killed Blork the orc
 10373 | D:4      | Reached skill level 9 in Axes
 11095 | D:4      | Killed Edmund
 11096 | D:4      | Reached skill level 10 in Axes
 11096 | D:4      | Reached XP level 7. HP: 47/57 MP: 2/6
 11821 | D:5      | Entered Level 5 of the Dungeon
 13122 | D:5      | Noticed Prince Ribbit
 13136 | D:5      | Mangled by Prince Ribbit

Illustrated notes

Levels and vault maps discovered:
D:1:      psy_arrival_terrarium, layout_basic
D:2:      layout_rooms, hellmonk_ecumenical_altar_blasted,
          kennysheep_generic_room_10, uniq_jessica
D:3:      layout_loops_cross, grunt_temple_overflow_cloverleaf, serial_glass,
          glass_columns_b, glass_columns_a, glass_columns_a, glass_columns_c,
          glass_columns_b, glass_columns_c, serial_shops, nicolae_shop_trees,
          shop, shop_coins, nicolae_shop_window_shopping, grunt_ministairs_8
D:4:      layout_loops_cross, uniq_blork_the_orc, uniq_edmund
D:5:      layout_basic, kennysheep_path_1, item_on_display_a, uniq_ijyb,
          uniq_grinder, uniq_prince_ribbit1

Skill      XL: |  1  2  3  4  5  6 |
---------------+-------------------+-----
Axes           | 4 5 6 8 10 | 10.4
Fighting       | |  3.6
Armour         | |  2.4
Dodging        | |  2.1

Action                   |  1- 3 |  4- 6 |  7- 9 || total
-------------------------+-------+-------+-------++-------
Melee: Hand axe          |    71 |    69 |       ||   140
       Headbutt          |    12 |    14 |     1 ||    27
       Punch             |       |     2 |       ||     2
       Broad axe         |       |    48 |     6 ||    54
Invok: Berserk           |     2 |     6 |     2 ||    10
  Use: Scroll            |     2 |     2 |       ||     4
Armor: Leather armour    |    20 |    12 |       ||    32
       Ring mail         |       |    27 |     2 ||    29
Dodge: Dodged            |    37 |    73 |     9 ||   119
